 Dungeon Crawl Stone Soup version 0.26-a0-808-g930a2b7adc (webtiles) character file.

Game seed: 6606627066002133935

32 ANON1729 the Caller (level 3, -3/21 HPs)
             Began as an Octopode Summoner on Nov 12, 2020.
             Slain by an adder (4 damage)
             ... on level 2 of the Dungeon.
             The game lasted 00:01:51 (1933 turns).

ANON1729 the Caller (Octopode Summoner)             Turns: 1933, Time: 00:01:52

Health: -3/21      AC:  1    Str:  7    XL:     3   Next: 25%
Magic:  5/6        EV: 13    Int: 18    God:
Gold:   86         SH:  0    Dex: 12    Spells: 5/6 levels left

rFire    . . .     SeeInvis .   c - +0 dagger
rCold    . . .     Faith    .   (no shield)
rNeg     . . .     Spirit   .   (helmet restricted)
rPois    .         Reflect  .   (no amulet)
rElec    .         Harm     .   (no ring)
rCorr    .         Rampage  .   (no ring)
MR       .....                  (no ring)
Stlth    +++.......             (no ring)
HPRegen  0.07/turn              (no ring)
MPRegen  0.10/turn              (no ring)
                                (no ring)
                                (no ring)

@: no status effects
A: almost no armour, stealthy swim, amphibious, 8 rings, constrict 8, camouflage
1, gelatinous body 1
a: no special abilities


You were on level 2 of the Dungeon.
You visited 1 branch of the dungeon, and saw 2 of its levels.

You collected 86 gold pieces.

Inventory:

Hand Weapons
 c - a +0 dagger (weapon)
Scrolls
 a - a scroll of remove curse {unknown}
 b - 2 scrolls of magic mapping {unknown}
 d - a scroll of random uselessness {unknown}
 f - a scroll of teleportation {unknown}
 g - a scroll of identify {unknown}
Potions
 e - a potion of berserk rage {unknown}


   Skills:
 + Level 2.4 Dodging
 + Level 3.4 Stealth
 + Level 2.3 Spellcasting
 * Level 4.3 Summonings


You had 5 spell levels left.
You knew the following spells:

 Your Spells              Type           Power        Failure   Level
a - Summon Small Mammal   Summ           ###.         3%          1

Your spell library contained the following spells:

 Spells                   Type           Power        Failure   Level
 Call Imp                 Summ           ###.....     4%          2
 Call Canine Familiar     Summ           ###.....     9%          3
 Summon Guardian Golem    Hex/Summ       #.......     22%         3
 Summon Ice Beast         Ice/Summ       #.......     56%         4
 Summon Lightning Spire   Summ/Air       #.......     56%         4


Dungeon Overview and Level Annotations

Branches:
Dungeon (2/15)

Altars:


Innate Abilities, Weirdness & Mutations

You cannot wear most types of armour.
You are very stealthy in the water. (Stealth+)
You are amphibious.
You can wear up to eight rings at the same time.
You can use your tentacles to constrict eight enemies at once.
Your skin changes colour to match your surroundings (Stealth+).
Your rubbery body absorbs attacks. (AC +1, EV +1)


Message History

There is an open door here.
A bat comes into view.
The adder hisses angrily.
The ooze quivers.
The adder bites you.
You barely miss the adder. Your grab misses the adder.
The hobgoblin shouts!
You hear a shout!
The adder bites you. x2
The bat closely misses you.
There is an open door here.
The adder barely misses you.
Casting: Summon Small Mammal (safe; 3% risk of failure)
Confirm with . or Enter, or press ? or * to list all spells.
The adder bites you.
* * * LOW HITPOINT WARNING * * *
You swap places.
Your bat misses the adder. Your bat hits the adder.
You swap places.
Your bat barely misses the adder.
The adder bites you.
* * * LOW HITPOINT WARNING * * *
Your bat misses the adder. The adder bites you.
You die...

### #<# #.#
#.########
#......@b#
########S#
######J####
#......g..#
#.........#
#.........+
#.........#
#.........#
#.........#


You could see an ooze, an adder, a hobgoblin and a friendly bat (summoned).

Vanquished Creatures
  2 dart slugs (D:1)
  A leopard gecko (D:1)
  3 bats (D:1)
  2 giant cockroaches (D:1)
  3 goblins (D:1)
  4 hobgoblins (D:1)
  A frilled lizard (D:1)
  4 kobolds (D:1)
  A rat (D:1)
21 creatures vanquished.

Vanquished Creatures (collateral kills)
  A dart slug (D:1)
  A bat (D:1)
  2 hobgoblins (D:1)
4 creatures vanquished.

Grand Total: 25 creatures vanquished

Notes
Turn   | Place    | Note
-------+----------+-------------------------------------------
     0 | D:1      | ANON1729 the Octopode Summoner began the quest for the Orb.
     0 | D:1      | Reached XP level 1. HP: 11/11 MP: 3/3
   515 | D:1      | Reached XP level 2. HP: 16/17 MP: 5/5
  1213 | D:1      | Reached XP level 3. HP: 3/21 MP: 3/6
  1933 | D:2      | HP: 1/21 [adder (4)]
  1933 | D:2      | Slain by an adder

Illustrated notes

Levels and vault maps discovered:
D:1:      dpeg_arrival_stonehenge_12_columns, layout_basic, minmay_pentomino_o4
D:2:      layout_basic, uniq_natasha

Skill      XL: |  1 |
---------------+----+-----
Stealth        | 3 |  3.4
Dodging        | |  2.4
Spellcasting   | |  2.3
Summonings     | |  4.3

Action                   || total
-------------------------++-------
Melee: Unarmed           ||    56
       Constrict         ||    23
       Tentacles         ||    12
       Dagger            ||    29
 Cast: Summon Small Mamm ||     7
 Stab: Sleeping          ||     5
Armor: Skin              ||    13
Dodge: Dodged            ||    71

Table legend: (Time is in decaauts)
 A = Elapsed time spent in this place.
 B = Non-inter-level travel time spent in this place.
 C = Inter-level travel time spent in this place.
 D = Time resting spent in this place.
 E = Time spent auto-exploring this place.
 F = Levels seen in this place.
 G = Mean time per level.
                   A        B        C        D        E       F      G
               +--------+--------+--------+--------+--------+-----+--------+
         Total |   1932 |   1918 |     14 |    593 |   1093 |   2 |  966.0 |
       Dungeon |   1932 |   1918 |     14 |    593 |   1093 |   2 |  966.0 |
               +--------+--------+--------+--------+--------+-----+--------+

Top non-repeatable levels by time:
     D:1: 1912 daAuts
     D:2: 19 daAuts
